 Dungeon Crawl Stone Soup version 0.29.1-15-g9cfb28693d (webtiles) character file.

Game seed: 15318179055603003376

131 Calibrex the Covered (level 4, -10/41 HPs)
             Began as a Minotaur Fighter on Mar 31, 2023.
             Was a Believer of Jiyva.
             Killed by an exploding orc (51 damage)
             ... ignited by their inner flame
             ... on level 3 of the Dungeon.
             The game lasted 00:08:17 (1989 turns).

Calibrex the Covered (Minotaur Fighter)             Turns: 1989, Time: 00:08:18

Health: -10/41     AC: 10    Str: 21    XL:     4   Next: 91%
Magic:  3/3        EV:  7    Int:  7    God:    Jiyva [**....]
Gold:   68         SH:  4    Dex:  9    Spells: 3/3 levels left

rFire   . . .      SeeInvis .   a - +0 flail
rCold   + . .      Faith    .   c - +0 buckler
rNeg    . . .      Spirit   .   o - +0 chain mail {rC+}
rPois   .          Reflect  .   (helmet restricted)
rElec   .          Harm     .   (no cloak)
rCorr   +          Rampage  .   m - +0 pair of gloves
Will    .....                   (no boots)
Stlth   ..........              (no amulet)
HPRegen 1.09/turn               (no ring)
MPRegen 0.38/turn               (no ring)

@: no status effects
A: horns 2, retaliatory headbutt
a: Renounce Religion


You were on level 3 of the Dungeon.
You worshipped Jiyva.
Jiyva was pleased with you.
You visited 1 branch of the dungeon, and saw 3 of its levels.

You collected 68 gold pieces.

Inventory:

Hand Weapons
 a - a +0 flail (weapon)
Missiles
 e - 4 poisoned darts
 k - 2 atropa-tipped darts (quivered)
Armour
 c - a +0 buckler (worn)
 m - a +0 pair of gloves (worn)
 n - an orb of mayhem
 o - a +0 chain mail of cold resistance (worn)
Scrolls
 f - a scroll of poison {unknown}
 g - 2 scrolls of immolation
Potions
 b - a potion of invisibility {unknown}
 d - 2 potions of might
 h - a potion of flight {unknown}
 i - 2 potions of mutation
 j - a potion of curing


   Skills:
 + Level 4.6 Fighting
 + Level 3.6 Maces & Flails
 + Level 4.7 Armour
 + Level 4.5 Shields


You had 3 spell levels left.
You didn't know any spells.
Your spell library contained the following spells:

 Spells                   Type           Power      Damage    Failure   Level
 Sublimation of Blood     Necr           0%         N/A       100%        2
 Wereblood                Tmut           0%         N/A       100%        2
 Gell's Gravitas          Tloc           0%         N/A       100%        3
 Teleport Other           Tloc           0%         N/A       100%        3
 Dispersal                Tloc           0%         N/A       100%        6
 Summon Hydra             Summ           0%         N/A       100%        7


Dungeon Overview and Level Annotations

Branches:
Dungeon (3/15)

Altars:
Xom
Jiyva

Shops:
D:1 [!


Innate Abilities, Weirdness & Mutations

You have a pair of horns on your head.
You reflexively headbutt those who attack you in melee.


Message History

You continue putting on your +0 chain mail of cold resistance. x5
HP restored.
You hear a distant slurping noise. x2
You finish putting on your +0 chain mail of cold resistance.
You feel resistant to cold.
You drop a +0 scale mail.
You hear a distant slurping noise.
You hear a distant slurping noise.
You hear a distant slurping noise.
You hear a distant slurping noise.
You hear a distant slurping noise.
You hear a distant slurping noise.
You hear a distant slurping noise.
You hear a distant slurping noise.
Found a leather armour.
You hear a distant slurping noise.
You hear a slurping noise.
g - 3 scrolls labelled RORAETTAWOK (gained 1)
l - 2 scrolls labelled KUEZUT BOCAUST (gained 1)
You hear a slurping noise.
b - a murky emerald potion 2 orcs come into view.
The orc shouts!
You hear a shout!
As you read the scroll labelled KUEZUT BOCAUST, it crumbles to dust.
It is a scroll of identify.
i - 2 potions of mutation
As you read the scroll of identify, it crumbles to dust.
j - a potion of curing
As you read the scroll labelled RORAETTAWOK, it crumbles to dust.
The creatures around you are filled with an inner flame!
It was a scroll of immolation.
A kobold comes into view. It is wielding a +0 short sword.
The kobold attacks as you move away! You block the kobold's attack.
You hear a shout!
You block the kobold's attack.
You thump the orc!
The orc explodes!
The fiery explosion engulfs you!!!
Ouch! That really hurt!
You die...

....##.##
#.............#
#.....###.###########.#
#......##........####.##
#.............##.......#
#......##..##.#######..#
.#####.....###..##.###
#..#
.......##.........#..#
#..#
#####.######.#..#§§..#
#..# #.#
#.###.@§§..#####..# #.#
## #..§Ko.........# #.#
#.##.....######.# #.# #
##....# #.# ##.#......#
#.# #.######.# #.# #.#
#.# #.# #.# .^.


You could see an orc (inner flame) and a kobold.

Vanquished Creatures
  Terence (D:3)
  3 gnolls (D:2)
  2 adders (D:2)
  A dart slug (D:2)
  An orc (D:3)
  4 bats
  5 endoplasms (D:1)
  A giant cockroach (D:2)
  4 goblins
  3 hobgoblins
  6 jackals
  3 quokkas (D:1)
  7 ball pythons
  5 frilled lizards
  4 kobolds
  8 rats
58 creatures vanquished.

Vanquished Creatures (others)
  2 endoplasms (D:2)
  A jackal (D:2)
  2 fungi (D:1)
  A plant (D:1)
6 creatures vanquished.

Grand Total: 64 creatures vanquished

Notes
Turn   | Place    | Note
-------+----------+-------------------------------------------
     0 | D:1      | Calibrex the Minotaur Fighter began the quest for the Orb.
     0 | D:1      | Reached XP level 1. HP: 19/19 MP: 0/0
   111 | D:1      | Found Imumowo's Antique Armour Shop.
   200 | D:1      | Reached XP level 2. HP: 27/27 MP: 1/1
   485 | D:1      | Found Biufeat's Distillery.
   770 | D:1      | Reached XP level 3. HP: 32/33 MP: 2/2
   864 | D:1      | Found a faded altar of an unknown god.
  1086 | D:1      | Prayed at the altar of an unknown god.
  1086 | D:1      | Became a worshipper of Jiyva Jasorrea the Shapeless
  1086 | D:1      | Reached * piety under Jiyva
  1362 | D:2      | Reached ** piety under Jiyva
  1389 | D:2      | Reached XP level 4. HP: 37/41 MP: 3/3
  1452 | D:2      | Found a shimmering altar of Xom.
  1881 | D:3      | Noticed Terence
  1890 | D:3      | Killed Terence
  1989 | D:3      | Killed by an exploding orc... ignited by their inner flame

Illustrated notes

Levels and vault maps discovered:
D:1:      onia_arrival_handbag, layout_rooms, serial_shops, nicolae_shop_trees,
          nicolae_shop_competitors_out_of_business,
          dreamdust_ecumenical_altar_hidden_monk_grotto, nicolae_hexahallways
D:2:      layout_basic, basic_altar
D:3:      layout_loops_ring, uniq_terence

Skill      XL: |  1  2 |
---------------+-------+-----
Armour         | 4 |  4.7
Fighting       | 4 |  4.6
Shields        | 4 |  4.5
Maces & Flails | 3 |  3.6

Action                   |  1- 3 |  4- 6 || total
-------------------------+-------+-------++-------
Melee: Flail             |   102 |    34 ||   136
       Headbutt          |    11 |     3 ||    14
Throw: Dart              |       |     1 ||     1
  Use: Scroll            |       |     3 ||     3
Armor: Scale mail        |    63 |    16 ||    79
Dodge: Dodged            |    59 |    11 ||    70
Block: Buckler           |    19 |     8 ||    27
